 Dungeon Crawl Stone Soup version 0.16.1-28-gcc2312f (webtiles) character file.

145 gornard the Magician (level 5, 0/28 HPs)
             Began as a Deep Elf Wizard on May 31, 2015.
             Slain by an orc warrior
             ... wielding a +0 hand axe
              (15 damage)
             ... on level 3 of the Dungeon.
             The game lasted 00:43:41 (3886 turns).

gornard the Magician (Deep Elf Wizard)              Turns: 3886, Time: 00:43:45

Health: 0/28       AC:  2    Str:  4    XL:     5   Next: 6%
Magic:  7/20       EV: 13    Int: 24    God:    Xom [...*..]
Gold:   97         SH:  0    Dex: 13    Spells: 4 memorised, 8 levels left

rFire  . . .     SeeInvis .     i - +0 long sword
rCold  . . .     Clarity  .     a - +0 robe
rNeg   . . .     SustAb   .     (no shield)
rPois  .         Gourm    .     b - +0 hat
rElec  .         Spirit   .     (no cloak)
rCorr  .         Warding  .     (no gloves)
rMut   .         Stasis   .     (no boots)
MR     .....                    (no amulet)
Stlth  ++........               (no ring)
                                (no ring)

@: not resistant to hostile enchantments, unstealthy
A: no striking features
a: Renounce Religion


You were on level 3 of the Dungeon.
You worshipped Xom.
You were a favourite toy of Xom.
You were not hungry.

You visited 1 branch of the dungeon, and saw 3 of its levels.

You collected 97 gold pieces.

Inventory:

Hand weapons
 i - a +0 long sword (weapon)
 l - a +1 short sword of venom
Missiles
 e - a throwing net (quivered)
 h - 26 bolts
 j - 11 bolts of penetration
 n - 31 arrows
Armour
 a - a +0 robe (worn)
 b - a +0 hat (worn)
Scrolls
 f - a scroll of amnesia
 k - a scroll of remove curse
Potions
 o - a potion of ambrosia {unknown}
Books
 c - a book of Minor Magic

   Spells                             Type                      Level
   a - Magic Dart                     Conjuration                  1
   b - Blink                          Translocation                2
   c - Call Imp                       Summoning                    2
   d - Repel Missiles                 Charms/Air                   2
   e - Slow                           Hexes                        2
   f - Conjure Flame                  Conjuration/Fire             3
   g - Mephitic Cloud                 Conjuration/Poison/Air       3
Comestibles
 d - 2 bread rations
 g - a fruit


   Skills:
 + Level 3.2 Dodging
 + Level 2.6 Stealth
 + Level 6.4 Spellcasting
 + Level 2.3 Conjurations
 + Level 2.1 Summonings
 + Level 1.2 Translocations


You had 8 spell levels left.
You knew the following spells:

 Your Spells              Type           Power        Failure   Level  Hunger
a - Magic Dart            Conj           ###.         3%          1    None
b - Call Imp              Summ           ###.....     6%          2    None
c - Blink                 Tloc           N/A          10%         2    None
d - Conjure Flame         Conj/Fire      ##......     17%         3    None


Dungeon Overview and Level Annotations

Branches:
Dungeon (3/15)

Altars:
Dithmenos
Gozag
Kikubaaqudgha
Okawaru
Trog
Xom
Zin

Annotations:
D:3 1 exclusion


Message History

The orc wizard looks braver.
Your white imp hits the orc wizard.
Your white imp freezes the orc wizard.
The orc wizard casts a spell.
The orc wizard flickers and vanishes!
Deactivating autopickup; reactivate with Ctrl-A.
Press: ? - help, v - describe, . - travel The floor.
Casting: Call Imp
Confirm with . or Enter, or press ? or * to list all spells.
Aiming: Conjure Flame
Press: ? - help, Dir - move target cursor, f - orc warrior
Aim: an orc warrior, wielding a hand axe and wearing a plate armour (lightly wounded)
You can't place the cloud on a creature.
Casting: Conjure Flame
Confirm with . or Enter, or press ? or * to list all spells.
A beastly little devil appears in a puff of frigid air.
The orc warrior hits you with a hand axe!
Ouch! That really hurt!
You die...
Xom titters!

#..)..######÷#
#.#
#............#
#..
#.....########
### #....##
#.#.## #.#.#
###.#5# #...#.#
#.###@# #.# #o#
#.# #.# #.# #.#
#.###.##
#.##...#####
#..)5......#
#%##...##......
#.§...## .###


You could see an orc warrior and 2 friendly white imps.

Vanquished Creatures
  3 adders (D:3)
  2 gnolls (D:2)
  2 worms (D:2)
  A giant gecko (D:3)
  An ooze (D:1)
  An orc (D:3)
  7 bats
  3 giant cockroaches (D:2)
  A goblin (D:1)
  4 hobgoblins
  4 kobolds (D:1)
  A quokka (D:3)
  6 giant newts
  3 rats
39 creatures vanquished.

Vanquished Creatures (collateral kills)
  An orc priest (D:3)
  A gnoll (D:2)
  3 adders
  A giant mite (D:3)
  A giant cockroach (D:2)
  3 goblins
  A hobgoblin (D:3)
  A kobold (D:2)
  A ball python (D:3)
  A jackal (D:2)
  2 quokkas
16 creatures vanquished.

Vanquished Creatures (others)
  2 crimson imps
  A white imp (D:2)
3 creatures vanquished.

Grand Total: 58 creatures vanquished

Notes
Turn   | Place    | Note
--------------------------------------------------------------
     0 | D:1      | gornard, the Deep Elf Wizard, began the quest for the Orb.
     0 | D:1      | Reached XP level 1. HP: 10/10 MP: 6/6
   426 | D:1      | Reached XP level 2. HP: 15/15 MP: 1/10
   430 | D:1      | Learned a level 2 spell: Call Imp
   433 | D:1      | Learned a level 2 spell: Blink
   732 | D:1      | Reached skill level 5 in Spellcasting
  1780 | D:2      | Reached XP level 3. HP: 16/19 MP: 5/14
  2040 | D:2      | Found a shimmering altar of Xom.
  2042 | D:2      | Found an iron altar of Okawaru.
  2044 | D:2      | Found a glowing silver altar of Zin.
  2044 | D:2      | Found an ancient bone altar of Kikubaaqudgha.
  2056 | D:2      | Became a worshipper of Xom of Bone-Dry Humour
  2224 | D:2      | XOM: harmless Trmt miscast
  2436 | D:2      | Reached XP level 4. HP: 24/24 MP: 4/17
  2646 | D:2      | XOM: colour smoke trail
  2680 | D:2      | XOM: 1-stop teleportation journey
  2714 | D:2      | XOM: vitrification
  2798 | D:2      | Found a shadowy altar of Dithmenos.
  2805 | D:2      | Found an opulent altar of Gozag.
  2811 | D:2      | Found a bloodstained altar of Trog.
  2962 | D:2      | XOM: vitrification
  3185 | D:3      | Learned a level 3 spell: Conjure Flame
  3338 | D:3      | Reached skill level 6 in Spellcasting
  3562 | D:3      | HP: 1/24 [poisoned by an adder]
  3641 | D:3      | XOM: colour smoke trail
  3870 | D:3      | Noticed an orc warrior
  3874 | D:3      | Reached XP level 5. HP: 25/28 MP: 10/20
  3886 | D:3      | Slain by an orc warrior

Action                   |  1- 3 |  4- 6 || total
-------------------------+-------+-------++-------
Melee: Club              |     1 |       ||     1
       Short sword       |     6 |       ||     6
       Long sword        |       |     4 ||     4
 Cast: Magic Dart        |    90 |    43 ||   133
       Call Imp          |    16 |    21 ||    37
       Blink             |     2 |       ||     2
  Use: Scroll            |     7 |     1 ||     8
       Potion            |     2 |     2 ||     4
  Eat: Beef jerky        |     2 |       ||     2
       Chunk             |     1 |     4 ||     5
       Fruit             |       |     1 ||     1
